 Dungeon Crawl Stone Soup version 0.29.1-15-g9cfb28693d (webtiles) character file.

Game seed: 12393188584726224520

186 BeingJoeMalik the Cudgeller (level 5, -13/32 HPs)
             Began as a Tengu Fighter on Mar 20, 2023.
             Engulfed by a cloud of flame (21 damage)
             ... on level 4 of the Dungeon.
             The game lasted 00:05:51 (3120 turns).

BeingJoeMalik the Cudgeller (Tengu Fighter)         Turns: 3120, Time: 00:05:52

Health: -13/32     AC:  8    Str: 14 (16) XL:     5   Next: 66%
Magic:  6/6        EV: 10    Int:  6 (8)  God:
Gold:   133        SH:  5    Dex: 16      Spells: 4/4 levels left

rFire   . . .      SeeInvis .   a - +0 flail
rCold   . . .      Faith    .   c - +0 buckler
rNeg    . . .      Spirit   .   b - +0 scale mail
rPois   .          Reflect  .   (helmet restricted)
rElec   .          Harm     .   (no cloak)
rCorr   .          Rampage  .   s - +0 pair of gloves
Will    .....                   (boots unavailable)
Stlth   ..........              (no amulet)
HPRegen 0.10/turn               (no ring)
MPRegen 0.10/turn               (no ring)

@: flying quickly and evasively, quick
A: beak, talons 3, nimble flight
a: no special abilities


You were on level 4 of the Dungeon.
You visited 1 branch of the dungeon, and saw 4 of its levels.

You collected 133 gold pieces.

Inventory:

Hand Weapons
 a - a +0 flail (weapon)
 d - a +1 trident of freezing
Missiles
 f - 3 javelins (quivered)
 k - 9 poisoned darts
 o - 5 curare-tipped darts
Armour
 b - a +0 scale mail (worn)
 c - a +0 buckler (worn)
 s - a +0 pair of gloves (worn)
 v - an orb of light
Scrolls
 l - a scroll of teleportation {unknown}
 m - a scroll of enchant armour {unknown}
 p - 2 scrolls of butterflies
 r - a scroll of identify {unknown}
 t - a scroll of torment {unknown}
 u - a scroll of blinking {unknown}
Potions
 h - a potion of berserk rage {unknown}
 j - a potion of flight {unknown}
 n - a potion of lignification {unknown}
 q - a potion of curing {unknown}


   Skills:
 - Level 3.0 Fighting
 + Level 6.3 Maces & Flails
 - Level 3.2 Armour
 - Level 3.0 Shields


You had 4 spell levels left.
You didn't know any spells.
Your spell library was empty.

Dungeon Overview and Level Annotations

Branches:
Dungeon (4/15)             Temple (0/1) D:4

Altars:

Annotations:
D:2 1 runed translucent door, Crazy Yiuf


Innate Abilities, Weirdness & Mutations

You have a beak for a mouth.
You have claws for feet.
Your magical nature lets you fly swiftly and evasively.


Message History

Found a stone staircase leading down.
There is a stone staircase leading up here.
You fly upwards.
There is a stone staircase leading down here.
There is a stone staircase leading down here.
You fly downwards.
There is a stone staircase leading up here.
You fly upwards.
There is a stone staircase leading down here.
There is a stone staircase leading down here.
You fly downwards.
There is a stone staircase leading up here.
Okay, then.
Okay, then.
As you read the scroll labelled CIUPIAXELO, it crumbles to dust.
You hear the tinkle of a tiny bell.
It was a scroll of butterflies.
As you read the scroll labelled KUPNOA DYURYI, it crumbles to dust.
The creatures around you are filled with an inner flame!
It was a scroll of immolation.
As you read the scroll labelled IPPAUDU ESEJIH, it crumbles to dust.
You feel aware of your surroundings.
You sensed 2 altars.
It was a scroll of magic mapping.
The air fills with toxic fumes!
As you read the scroll labelled KOXTIA PYGREUM, it crumbles to dust.
It was a scroll of poison.
Your butterfly is poisoned.
Your butterfly is engulfed in poison gas.
Your butterfly is poisoned.
Your butterfly disappears in a burst of colours!
Your butterfly explodes!
The fiery explosion engulfs you!!
Ouch! That really hurt!
* * * LOW HITPOINT WARNING * * *
You hear a shout! x2
Unknown command.
Really fly into that cloud of poison gas?
Okay, then.
You are engulfed in blazing flames.
Ouch! That really hurt!
You die...

,,,,,,,,*
,,,,,,,,*
,,,,,,,,*
,,,,,,,,*
,,,,,,,,*
,,,,,,,,*
,,,,,,,,*
,,,,,,,,*#########
,,,,,,,,,§§b§.§§@#
*********#########
* * * * * * *


There were no monsters in sight!

Vanquished Creatures
  Natasha (thrice) (D:2)
  5 adders
  An ufetubus (D:2)
  2 dart slugs
  4 ball pythons
  8 endoplasms
  A giant cockroach (D:1)
  3 goblins
  6 hobgoblins
  2 jackals (D:2)
  6 kobolds
  4 quokkas
  5 bats
  5 frilled lizards
  6 rats
61 creatures vanquished.

Notes
Turn   | Place    | Note
-------+----------+-------------------------------------------
     0 | D:1      | BeingJoeMalik the Tengu Fighter began the quest for the
                  | Orb.
     0 | D:1      | Reached XP level 1. HP: 14/14 MP: 2/2
    92 | D:1      | Reached XP level 2. HP: 19/19 MP: 3/3
   153 | D:1      | Reached skill level 3 in Maces & Flails
   447 | D:1      | Reached XP level 3. HP: 22/23 MP: 4/4
   637 | D:2      | Noticed Natasha
   728 | D:1      | Reached skill level 4 in Maces & Flails
   735 | D:2      | Killed Natasha
   736 | D:2      | Reached XP level 4. HP: 22/28 MP: 5/5
  1074 | D:2      | Noticed Natasha
  1096 | D:2      | Killed Natasha
  1097 | D:2      | Reached skill level 5 in Maces & Flails
  1412 | D:2      | Gained mutation: Your magical nature lets you fly swiftly
                  | and evasively. [Tengu growth]
  1412 | D:2      | Reached XP level 5. HP: 31/32 MP: 6/6
  1618 | D:2      | Found a runed translucent door.
  1619 | D:2      | Noticed Crazy Yiuf
  1738 | D:2      | Noticed Natasha
  1746 | D:2      | Killed Natasha
  2062 | D:3      | Found a faded altar of an unknown god.
  2147 | D:3      | Reached skill level 6 in Maces & Flails
  3120 | D:4      | Engulfed by a cloud of flame

Illustrated notes

Levels and vault maps discovered:
D:1:      tarquinn_simple_flora_water_f, layout_rooms
D:2:      layout_basic, uniq_natasha, uniq_crazy_yiuf_cottage
D:3:      layout_loops_corners, shapermc_ecumenical_altar_pompeii
D:4:      layout_basic, grunt_temple_overflow_gold_and_silver, temple_statues,
          minmay_pentangle

Skill      XL: |  1  2  3  4  5 |
---------------+----------------+-----
Maces & Flails | 3 4 5 6 |  6.3
Fighting       | |  3.0
Armour         | |  3.2
Shields        | |  3.0

Action                   |  1- 3 |  4- 6 || total
-------------------------+-------+-------++-------
Melee: Flail             |    47 |    88 ||   135
       Kick              |     5 |    17 ||    22
       Peck              |     6 |    10 ||    16
  Use: Potion            |     1 |     1 ||     2
       Scroll            |       |     4 ||     4
Armor: Scale mail        |    23 |    32 ||    55
Dodge: Dodged            |    10 |    36 ||    46
Block: Buckler           |    13 |    25 ||    38
